 Dungeon Crawl Stone Soup version 0.30-a0-913-g9934a0ce24 (webtiles) character file.

Game seed: 8053958846382571436

56 Zonian the Ruffian (level 3, -1/19 HPs)
             Began as a Vine Stalker Gladiator on Mar 19, 2023.
             Succumbed to a kobold's poison
             ... on level 3 of the Dungeon.
             The game lasted 00:02:16 (1695 turns).

Zonian the Ruffian (Vine Stalker Gladiator)         Turns: 1695, Time: 00:02:16

Health: -1/19      AC:  7    Str: 18    XL:     3   Next: 97%
Magic:  4/4        EV: 11    Int:  8    God:
Gold:   84         SH:  0    Dex: 15    Spells: 2/2 levels left

rFire   + . .      SeeInvis .      - Unarmed
rCold   . . .      Faith    .    (no shield)
rNeg    . . .      Spirit   +    q - +1 ring mail of True Grit {Drain +Blink rF+}
rPois   .          Reflect  .    b - +0 helmet
rElec   .          Rampage  .    (no cloak)
rCorr   .                        (no gloves)
Will    .....                    (no boots)
Stlth   +                        (no amulet)
HPRegen 0.23/turn                (no ring)
MPRegen 0.09/turn                (no ring)

@: mighty, lethally poisoned (-1 -> -8), flying
A: fangs 2, magic shield, antimagic bite, no potion heal 2
a: Evoke Blink


You were on level 3 of the Dungeon.
You visited 1 branch of the dungeon, and saw 3 of its levels.

You collected 84 gold pieces.

Inventory:

Missiles
 c - 3 throwing nets (quivered)
 d - a javelin
Armour
 a - a +0 leather armour
 b - a +0 helmet (worn)
 q - the +1 ring mail of True Grit (worn) {Drain +Blink rF+}
   (You found it on level 2 of the Dungeon)

   rF:        It protects you from fire.
   +Blink:    It lets you blink.
   Drain:     It drains your maximum health when unequipped.
Jewellery
 l - an amulet of reflection
Wands
 s - a wand of acid (8)
 u - a wand of mindburst (11)
Scrolls
 f - 2 scrolls of amnesia {unknown}
 g - a scroll of immolation {unknown}
 i - a scroll of blinking {unknown}
 j - a scroll of enchant armour {unknown}
 k - a scroll of enchant weapon {unknown}
 m - 2 scrolls of fog {unknown}
 n - 2 scrolls of fear {unknown}
 r - a scroll of identify {unknown}
 t - a scroll of brand weapon {unknown}
Potions
 e - 2 potions of flight
 h - a potion of mutation {unknown}
 o - a potion of lignification {unknown}


   Skills:
 + Level 2.5 Fighting
 - Level 2.0 Throwing
 - Level 2.5 Dodging
 + Level 1.9 Stealth
 + Level 3.5 Unarmed Combat


You had 2 spell levels left.
You didn't know any spells.
Your spell library contained the following spells:

 Spells                   Type           Power      Damage    Failure   Level
 Magic Dart               Conj           0%         1d3       61%         1
 Necrotise                Necr           0%         1d4       61%         1
 Slow                     Hex            0%         N/A       61%         1
 Call Imp                 Summ           0%         N/A       75%         2
 Confusing Touch          Hex            0%         N/A       93%         3
 Mephitic Cloud           Conj/Pois/Air  0%         N/A       93%         3
 Vampiric Draining        Necr           0%         2d6       93%         3
 Agony                    Necr           0%         N/A       100%        5


Dungeon Overview and Level Annotations

Branches:
Dungeon (3/15)

Altars:
Hepliaklqana


Innate Abilities, Weirdness & Mutations

You have extremely sharp teeth.
When hurt, damage is shared between your health and your magic reserves.
Your bite disrupts and absorbs the magic of your enemies.
Potions cannot restore your health.


Message History

No target in view!
No target in view!
Okay, then.
A kobold comes into view.
It is wielding a +0 short sword of draining and quivering poisoned darts.
The kobold shouts!
You hear a shout!
You see here a frilled lizard corpse.
The kobold throws a poisoned dart.
The poisoned dart hits you!
You are poisoned.
You see here a frilled lizard corpse.
You feel sick.
You feel sick.
You feel sick.
You feel sick.
The kobold throws a poisoned dart.
The poisoned dart hits you!
You are more poisoned.
You feel very sick.
The kobold throws a poisoned dart.
The poisoned dart hits you!
You are lethally poisoned! 2 kobolds come into view.
You feel very sick.
The kobold shouts!
You see here a frilled lizard corpse.
You punch the kobold!
You kill the kobold!
* * * LOW HITPOINT WARNING * * *
You feel very sick. The kobold barely misses you.
* * * LOW HITPOINT WARNING * * *
You feel very sick. The kobold hits you but does no damage.
Things that are here:
a +0 short sword of draining; 5 poisoned darts Unknown command.
It was a potion of flight.
You feel very buoyant.
You fly up into the air.
* * * LOW HITPOINT WARNING * * *
You feel sick. The kobold hits you but does no damage.
It was a potion of might.
You feel very mighty all of a sudden.
You die...

###
################..
#..............#.#
#........#####.#..
#........# #.#..
#........# #.#..
#.)......# #.#.#
#@†......# #.#..
####K########
#.#.# #.....#
#.... #####...K.#
###.# #.........#
#.. #.........#
### #........##
#........#
#........#


You could see 2 kobolds.

Vanquished Creatures
  2 adders
  6 ball pythons
  3 endoplasms
  3 giant cockroaches
  5 goblins
  4 hobgoblins
  2 kobolds (D:3)
  4 bats (D:1)
  5 frilled lizards
  3 rats
37 creatures vanquished.

Vanquished Creatures (others)
  9 toadstools (D:3)
9 creatures vanquished.

Grand Total: 46 creatures vanquished

Notes
Turn   | Place    | Note
-------+----------+-------------------------------------------
     0 | D:1      | Zonian the Vine Stalker Gladiator began the quest for the
                  | Orb.
     0 | D:1      | Reached XP level 1. HP: 11/11 MP: 2/2
   166 | D:1      | Reached XP level 2. HP: 7/15 MP: 1/3
   915 | D:2      | Reached skill level 1 in Stealth
  1007 | D:2      | Reached XP level 3. HP: 17/18 MP: 2/4
  1165 | D:2      | Found a hazy altar of Hepliaklqana.
  1178 | D:2      | Identified the +1 ring mail of True Grit {Drain +Blink rF+}
  1695 | D:3      | Succumbed to a kobold's poison

Illustrated notes

Levels and vault maps discovered:
D:1:      amcnicky_arrival_blooded_trapdoor, layout_basic
D:2:      layout_basic, basic_altar
D:3:      cheibrodos_fertilizer, layout_basic, grunt_ministairs_14

Skill      XL: |  1  2 |
---------------+-------+-----
Fighting       | 2 |  2.5
Throwing       | 2 |  2.0
Stealth        | 1 |  1.9
Dodging        | |  2.5
Unarmed Combat | |  3.5

Action                     || total
---------------------------++-------
  Melee: Unarmed           ||    93
         Bite              ||    17
         Punch             ||     1
  Throw: Throwing net      ||     2
    Use: Potion            ||     2
 Armour: Leather armour    ||    20
         Ring mail         ||    11
  Dodge: Dodged            ||    62

Table legend: (Time is in decaauts)
 A = Elapsed time spent in this place.
 B = Non-inter-level travel time spent in this place.
 C = Inter-level travel time spent in this place.
 D = Time resting spent in this place.
 E = Time spent auto-exploring this place.
 F = Levels seen in this place.
 G = Mean time per level.
                   A        B        C        D        E       F      G
               +--------+--------+--------+--------+--------+-----+--------+
         Total |   1688 |   1605 |     83 |      0 |   1305 |   3 |  562.7 |
       Dungeon |   1688 |   1605 |     83 |      0 |   1305 |   3 |  562.7 |
               +--------+--------+--------+--------+--------+-----+--------+

Top non-repeatable levels by time:
     D:1: 871 daAuts
     D:2: 541 daAuts
     D:3: 275 daAuts
